 Dungeon Crawl Stone Soup version 0.20.1-1-g8b1a95d (webtiles) character file.

70 dohliylev the Vexing (level 4, -4/30 HPs)
             Began as a Vampire Enchanter on Dec 17, 2017.
             Slain by a centaur (9 damage)
             ... on level 3 of the Dungeon.
             The game lasted 00:06:01 (2562 turns).

dohliylev the Vexing (Vampire Enchanter)            Turns: 2562, Time: 00:06:01

Health: -4/30      AC:  2    Str:  7    XL:     4   Next: 3%
Magic:  1/7        EV: 12    Int: 18    God:
Gold:   84         SH:  0    Dex: 14    Spells: 4/7 levels left

rFire    . . .     SeeInvis +   a - +0 dagger (elec)
rCold    . . .     Gourm    .   (no shield)
rNeg     + . .     Faith    .   b - +0 robe
rPois    .         Spirit   .   (no helmet)
rElec    .         Reflect  .   (no cloak)
rCorr    .         Harm     .   (no gloves)
MR       .....                  (no boots)
Stlth    ++........             (no amulet)
Regen    0.1/turn               f - ring of loudness (curse)
MPRegen  0.1/turn               (no ring)

@: very slightly contaminated
A: fangs 3, see invisible, unbreathing
a: Bat Form


You were on level 3 of the Dungeon.
You were not thirsty.

You visited 1 branch of the dungeon, and saw 3 of its levels.

You collected 84 gold pieces.

Inventory:

Hand Weapons
 a - a +0 dagger of electrocution (weapon)
Armour
 b - a +0 robe (worn)
Jewellery
 f - a cursed ring of loudness (left hand)
 p - a +1 ring of evasion {unknown}
 q - an uncursed ring of protection from magic {unknown}
Scrolls
 e - 2 scrolls of fog {unknown}
 g - a scroll of enchant armour {unknown}
 j - a scroll of amnesia {unknown}
 l - 2 scrolls of identify {unknown}
 n - a scroll of recharging {unknown}
 o - a scroll of enchant weapon {unknown}
 s - a scroll of remove curse {unknown}
Potions
 d - 3 potions of blood
 h - a potion of berserk rage {unknown}
 i - 2 potions of curing {unknown}
 k - a potion of degeneration {unknown}
 m - a potion of haste {unknown}
 r - 2 potions of lignification {unknown}
Books
 c - a book of Maledictions

   Spells                             Type                      Level
   a - Corona                         Hexes                        1
   b - Ensorcelled Hibernation        Hexes/Ice                    2
   c - Confuse                        Hexes                        3
   d - Tukima's Dance                 Hexes                        3
   e - Dazzling Spray                 Conjuration/Hexes            3


   Skills:
 - Level 0.1 Fighting
 - Level 1.1 Short Blades
 - Level 2.1 Dodging
 + Level 6.0 Stealth
 - Level 2.0 Spellcasting
 - Level 6.0 Hexes


You had 4 spell levels left.
You knew the following spells:

 Your Spells              Type           Power        Failure   Level  Hunger
a - Corona                Hex            ###....      1%          1    #......
b - Ensorcelled Hibernat  Hex/Ice        ##....       8%          2    ###....


Dungeon Overview and Level Annotations

Branches:
Dungeon (3/15)

Altars:
The Shining One


Innate Abilities, Weirdness & Mutations

You have razor-sharp teeth.
You have supernaturally acute eyesight. (SInv)
You can survive without breathing.


Message History

Aim: a centaur (almost dead, chance to defeat MR: 43%)
The centaur resists with some effort.
The centaur hits you.
The centaur hits you but does no damage.
You closely miss the centaur.
The centaur is almost dead.
The centaur barely misses you.
You hit the centaur but do no damage. You bite the centaur, but do no damage.
The centaur is almost dead.
The centaur hits you! The centaur closely misses you.
You closely miss the centaur.
The centaur is almost dead.
The centaur hits you!
* * * LOW HITPOINT WARNING * * *
You completely miss the centaur.
The centaur is almost dead.
The centaur closely misses you.
You barely miss the centaur.
The centaur is almost dead.
The centaur closely misses you. The centaur hits you!
You die...

##.....##.# #.#
##...###.# #<#
......###(###.###
>...#....(..#...#
..#......(...##.###
#.##..............#
#..........##..#
#..........##..#####
#...........<@.....#
#...........c......#
...........#........#
................(...#
.................#
..............#
..............#
.............#
....#........#


You could see a centaur.

Vanquished Creatures
  3 adders (D:2)
  A worm (D:2)
  2 dart slugs (D:1)
  3 leopard geckos (D:2)
  4 giant cockroaches
  4 goblins
  3 hobgoblins
  5 kobolds
  A ball python (D:3)
  3 bats
  2 frilled lizards
  4 rats
35 creatures vanquished.

Notes
Turn   | Place    | Note
-------+----------+-------------------------------------------
     0 | D:1      | dohliylev the Vampire Enchanter began the quest for the Orb.
     0 | D:1      | Reached XP level 1. HP: 13/13 MP: 3/3
   263 | D:1      | Reached skill level 5 in Hexes
   591 | D:1      | Reached XP level 2. HP: 19/19 MP: 5/5
   595 | D:1      | Learned a level 2 spell: Ensorcelled Hibernation
  1092 | D:2      | Found a glowing golden altar of the Shining One.
  1163 | D:2      | Reached XP level 3. HP: 17/24 MP: 3/6
  1240 | D:2      | Reached skill level 5 in Stealth
  1769 | D:3      | Reached XP level 4. HP: 27/30 MP: 4/7
  1792 | D:3      | Noticed a centaur
  2562 | D:3      | Slain by a centaur

Skill      XL: |  1  2  3  4 |
---------------+-------------+-----
Hexes          | 5 6 |  6.0
Stealth        | 5 6 |  6.0
Fighting       | |  0.1
Short Blades   | |  1.1
Dodging        | |  2.1
Spellcasting   | |  2.0

Action                   |  1- 3 |  4- 6 || total
-------------------------+-------+-------++-------
Melee: Dagger            |    86 |     9 ||    95
       Bite              |     4 |     1 ||     5
 Cast: Corona            |     3 |       ||     3
       Ensorcelled Hiber |    23 |     7 ||    30
  Use: Potion            |       |     2 ||     2
 Stab: Sleeping          |    16 |     3 ||    19
  Eat: Corpse            |     5 |       ||     5
Armor: Robe              |     9 |     3 ||    12
Dodge: Dodged            |    39 |     8 ||    47
